 Dungeon Crawl Stone Soup version 0.28.0-49-g6dfe1f597d (webtiles) character file.

Game seed: 11985833062474783027

434 CryoSword the Chopper (level 7, -5/60 HPs)
             Began as a Ghoul Fighter on May 13, 2022.
             Killed by divine providence
             ... invoked by an orc priest
              (13 damage)
             ... on level 4 of the Dungeon.
             The game lasted 00:03:47 (2279 turns).

CryoSword the Chopper (Ghoul Fighter)               Turns: 2279, Time: 00:03:47

Health: -5/60      AC:  6    Str: 20    XL:     7   Next: 0%
Magic:  6/6        EV:  9    Int:  5    God:
Gold:   97         SH:  4    Dex:  8    Spells: 6/6 levels left

rFire   . . .      SeeInvis .   l - +0 hand axe
rCold   + . .      Faith    .   c - +0 buckler
rNeg    + + +      Spirit   .   b - +0 scale mail
rPois   ∞          Reflect  .   (no helmet)
rElec   .          Harm     .   (no cloak)
rCorr   .          Rampage  .   (no gloves)
Will    .....                   (no boots)
Stlth   ..........              g - amulet of regeneration
HPRegen 0.00/turn               (no ring)
MPRegen 0.10/turn               (no ring)

@: inhibited regen
A: claws 1, cold resistance 1, negative energy resistance 3, inhibited
regeneration, torment resistance 2
a: no special abilities


You were on level 4 of the Dungeon.
You visited 1 branch of the dungeon, and saw 4 of its levels.

You collected 97 gold pieces.

Inventory:

Hand Weapons
 a - a +0 war axe
 l - a +0 hand axe (weapon)
   (You found it on level 2 of the Dungeon)
Armour
 b - a +0 scale mail (worn)
 c - a +0 buckler (worn)
Jewellery
 g - an amulet of regeneration (around neck)
   (You found it on level 1 of the Dungeon)
Scrolls
 d - a scroll of enchant armour
 i - a scroll of teleportation {unknown}
 k - a scroll of blinking {unknown}
 m - a scroll of enchant weapon {unknown}
 o - a scroll of noise {unknown}
 p - a scroll of magic mapping {unknown}
Potions
 e - a potion of curing {unknown}
 h - 2 potions of flight {unknown}
 j - 2 potions of brilliance {unknown}
 q - a potion of magic


   Skills:
 + Level 4.5 Fighting
 * Level 5.4 Axes
 - Level 2.6 Armour
 + Level 0.0 Stealth
 + Level 3.7 Shields


You had 6 spell levels left.
You didn't know any spells.
Your spell library contained the following spells:

 Spells                   Type           Power      Damage    Failure   Level
 Summon Small Mammal      Summ           0%         N/A       90%         1
 Ensorcelled Hibernation  Hex/Ice        0%         N/A       97%         2
 Call Canine Familiar     Summ           0%         N/A       99%         3
 Ozocubu's Armour         Ice            0%         N/A       99%         3
 Summon Guardian Golem    Hex/Summ       0%         N/A       99%         3
 Tukima's Dance           Hex            0%         N/A       99%         3
 Anguish                  Hex/Necr       0%         N/A       100%        4
 Enfeeble                 Hex            0%         N/A       100%        7
 Ozocubu's Refrigeration  Ice            0%         4d5       100%        7
 Spider Form              Tmut/Pois      Unusable   N/A       N/A         3

Dungeon Overview and Level Annotations

Branches:
Dungeon (4/15)
 Temple: D:4-7

Altars:
Elyvilon

Shops:
D:3 (


Innate Abilities, Weirdness & Mutations

You thrive by killing the living.
You are immune to poison.
You have sharp fingernails.
Your flesh is cold resistant. (rC+)
You are immune to negative energy. (rN+++)
You do not regenerate when monsters are visible.
You are immune to unholy pain and torment.


Message History

You hit the worm. The worm bites you but does no damage.
You hit the worm. The worm bites you but does no damage.
You hit the worm. You slash the worm!
You kill the worm!
You see here a worm corpse.
You start resting.
A centaur zombie comes into view.
A centaur zombie is nearby!
A centaur zombie is nearby!
A centaur zombie is nearby!
You hit the centaur zombie but do no damage.
The centaur zombie barely misses you. The centaur zombie closely misses you.
You barely miss the centaur zombie. The centaur zombie hits you.
The centaur zombie kicks you but does no damage.
The centaur zombie hits you but does no damage.
The centaur zombie kicks you but does no damage.
You hit the centaur zombie. The centaur zombie hits you.
The centaur zombie kicks you but does no damage.
You hit the centaur zombie. You block the centaur zombie's attack.
The centaur zombie closely misses you.
You slash the centaur zombie! The centaur zombie barely misses you.
You block the centaur zombie's attack. The centaur zombie barely misses you.
You block the centaur zombie's attack.
You hit the centaur zombie. The centaur zombie hits you.
The centaur zombie barely misses you.
You hit the centaur zombie.
The centaur zombie hits you but does no damage.
The centaur zombie barely misses you.
You hit the centaur zombie.
The centaur zombie hits you but does no damage.
The centaur zombie closely misses you. x2
The centaur zombie kicks you but does no damage.
You hit the centaur zombie. The centaur zombie hits you.
The centaur zombie kicks you but does no damage.
You hit the centaur zombie.
The centaur zombie hits you but does no damage.
You block the centaur zombie's attack.
You hit the centaur zombie.
The centaur zombie hits you but does no damage.
The centaur zombie kicks you but does no damage.
The centaur zombie barely misses you. You block the centaur zombie's attack.
You hit the centaur zombie. The centaur zombie hits you.
You block the centaur zombie's attack.
You slash the centaur zombie!
You destroy the centaur zombie!
No target in view!
Found an escape hatch in the ceiling.
There is an escape hatch in the ceiling here.
An orc priest and an orc come into view.
The orc priest shouts!
The orc shouts!
You hear a shout! x3
An orc priest comes into view. It is wielding a +0 whip.
The orc priest invokes the aid of Beogh against you.
Beogh smites you!
An orc comes into view. It is wielding a +0 short sword.
The orc shouts!
You see here a scroll labelled SATAVY NAENADGH.
There are monsters nearby!
There are monsters nearby!
There are no items here.
The orc hits you but does no damage.
You barely miss the orc. The orc hits you but does no damage.
You hit the orc. The orc hits you but does no damage.
You slash the orc!
You kill the orc!
You have reached level 7!
An orc comes into view. It is wielding a +0 mace.
Things that are here:
a +0 short sword; an orc corpse An orc is nearby!
An orc is nearby!
An orc is nearby!
The orc hits you with a +0 mace.
You hit the orc but do no damage. The orc completely misses you.
You closely miss the orc. The orc hits you but does no damage.
You closely miss the orc. The orc barely misses you.
You barely miss the orc. The orc hits you with a +0 mace.
You closely miss the orc. The orc misses you.
You hit the orc. The orc hits you with a +0 mace.
You hit the orc.
You kill the orc!
You feel better.
No target in view!
No target in view!
Things that are here:
a +0 mace; a +0 ring mail The orc priest shouts!
You see here a scroll labelled SATAVY NAENADGH.
There are monsters nearby!
There are monsters nearby!
You hit the orc priest.
The orc priest looks satisfied for a moment.
The orc priest calls upon Beogh to heal the orc priest.
The orc priest's wounds heal themselves!
You hit the orc priest. The orc priest barely misses you.
The orc priest closely misses you.
You hit the orc priest. The orc priest hits you with a +0 whip.
The orc priest calls upon Beogh to heal the orc priest.
The orc priest is healed somewhat.
The orc priest hits you but does no damage.
You closely miss the orc priest.
The orc priest hits you but does no damage.
The orc priest hits you with a +0 whip.
You hit the orc priest.
The orc priest hits you from afar with a +0 trident.
The orc priest hits you but does no damage.
You barely miss the orc priest. The orc priest barely misses you.
The orc priest completely misses you.
The orc priest hits you but does no damage.
You hit the orc priest. The orc priest closely misses you.
The orc priest hits you from afar with a +0 trident.
You closely miss the orc priest. The orc priest misses you.
The orc priest hits you from afar with a +0 trident.
You are too injured to fight recklessly!
You are too injured to fight recklessly!
You hit the orc priest but do no damage.
The orc priest barely misses you.
The orc priest hits you from afar with a +0 trident!
You closely miss the orc priest. You block the orc priest's attack.
The orc priest misses you.
You barely miss the orc priest.
The orc priest miscasts a cantrip.
The orc priest barely misses you.
You closely miss the orc priest.
The orc priest hits you but does no damage.
The orc priest barely misses you.
You closely miss the orc priest.
The orc priest looks encouraged for a moment.
The orc priest barely misses you.
You barely miss the orc priest. The orc priest hits you with a +0 whip.
The orc priest hits you from afar with a +0 trident.
* * * LOW HITPOINT WARNING * * *
You hit the orc priest but do no damage.
You block the orc priest's attack.
The orc priest calls upon Beogh to heal the orc priest.
The orc priest's wounds heal themselves!
You hit the orc priest but do no damage.
The orc priest hits you but does no damage.
The orc priest mumbles some strange prayers to Beogh against you.
Beogh smites you!
* * * LOW HITPOINT WARNING * * *
You hit the orc priest. The orc priest hits you with a +0 whip.
* * * LOW HITPOINT WARNING * * *
The orc priest hits you from afar with a +0 trident!
* * * LOW HITPOINT WARNING * * *
You see here a scroll labelled SATAVY NAENADGH.
The orc priest casts a cantrip, but nothing happens.
The orc priest mumbles some strange prayers to Beogh against you.
Beogh smites you!
You die...

#.# #. #o# #. #.# #.
#o# ## #o# #.# ###.#
### ####...## ##.######
#.....@.#######........
#.....<)#.....##.######
#.......#.....##.#
#.......#.....##.#
#.......)........#
#.......#.....####
#.......#######
#########


You could see 2 orc priests and an orc.

Vanquished Creatures
  Grinder (D:3)
  A bullfrog (D:3)
  A centaur zombie (D:4)
  Jessica (D:3)
  A gnoll (D:2)
  5 adders
  2 worms
  3 orcs
  A ball python (D:2)
  5 bats
  7 endoplasms
  3 giant cockroaches
  3 goblins
  4 hobgoblins
  6 jackals
  5 kobolds
  2 quokkas (D:2)
  2 frilled lizards
  2 rats
55 creatures vanquished.

Notes
Turn   | Place    | Note
-------+----------+-------------------------------------------
     0 | D:1      | CryoSword the Ghoul Fighter began the quest for the Orb.
     0 | D:1      | Reached XP level 1. HP: 19/19 MP: 0/0
    56 | D:1      | Reached skill level 2 in Axes
   176 | D:1      | Reached XP level 2. HP: 25/26 MP: 1/1
   605 | D:2      | Identified the +6 hunting sling of Plog {flame, rElec rF+
                  | Int-4}
   637 | D:2      | Reached skill level 3 in Axes
   653 | D:2      | Reached XP level 3. HP: 26/31 MP: 2/2
   919 | D:2      | Reached XP level 4. HP: 30/38 MP: 3/3
  1075 | D:2      | Found a faded altar of an unknown god.
  1357 | D:3      | Noticed a bullfrog
  1370 | D:3      | Killed a bullfrog
  1371 | D:3      | Reached skill level 4 in Axes
  1371 | D:3      | Reached XP level 5. HP: 34/45 MP: 4/4
  1425 | D:3      | Noticed Grinder
  1432 | D:3      | Paralysed by Grinder for 3 turns
  1447 | D:3      | Paralysed by Grinder for 5 turns
  1456 | D:3      | Killed Grinder
  1457 | D:3      | Reached skill level 5 in Axes
  1457 | D:3      | Reached XP level 6. HP: 33/52 MP: 5/5
  1500 | D:3      | Found Imineaf's Antique Weapon Emporium.
  1703 | D:3      | Noticed Jessica
  1715 | D:3      | Killed Jessica
  2214 | D:4      | Reached XP level 7. HP: 60/60 MP: 6/6
  2279 | D:4      | Killed from afar by an orc priest

Illustrated notes

Levels and vault maps discovered:
D:1:      dpeg_arrival_erosion, layout_rooms
D:2:      layout_rooms, shapermc_ecumenical_altar_hornbeckon,
          hangedman_feature_mirror, st_stairs_2, grunt_decor_resistance
D:3:      layout_basic, elyvilon_altar_5, serial_shops, shop_fountains,
          uniq_grinder, uniq_jessica
D:4:      minmay_polygon_palace, layout_loops_cross, kennysheep_little_box,
          minmay_temple_entry_overgrown, serial_shops, kennysheep_mini_moat,
          uniq_natasha

Skill      XL: |  1  2  3  4  5 |
---------------+----------------+-----
Axes           | 2 3 4 5 |  5.4
Shields        | 3 |  3.7
Fighting       | 4 |  4.5
Armour         | |  2.6

Action                   |  1- 3 |  4- 6 |  7- 9 || total
-------------------------+-------+-------+-------++-------
Melee: War axe           |    39 |       |       ||    39
       Hand axe          |    69 |   118 |    24 ||   211
  Use: Potion            |       |     1 |       ||     1
       Scroll            |       |     3 |       ||     3
Armor: Scale mail        |    58 |    44 |     7 ||   109
Dodge: Dodged            |    70 |    52 |    14 ||   136
Block: Buckler           |    26 |    21 |     2 ||    49
